 Dungeon Crawl Stone Soup version 0.29.1-15-g9cfb28693d (webtiles) character file.

Game seed: 5345610280923992886

438 croobank the Firebug (level 6, -9/43 (44) HPs)
             Began as a Demonspawn Fire Elementalist on Apr 20, 2023.
             Mangled by Pikel
             ... wielding a +0 whip of electrocution
              (13 damage)
             ... on level 4 of the Dungeon.
             The game lasted 00:08:51 (3279 turns).

croobank the Firebug (Demonspawn Fire Elementalist) Turns: 3279, Time: 00:08:51

HP:   -9/43 (44)    AC:  5    Str:  8      XL:     6   Next: 69%
MP:   10/10         EV: 12    Int: 17 (18) God:
Gold: 159           SH:  0    Dex: 12 (14) Spells: 8/11 levels left

rFire   . . .      SeeInvis .   k - +2 flail
rCold   . . .      Faith    .   (no shield)
rNeg    . . .      Spirit   .   g - +0 robe
rPois   .          Reflect  .   (helmet restricted)
rElec   .          Harm     .   q - +2 cloak {Stlth+}
rCorr   .          Rampage  .   (no gloves)
Will    .....                   (no boots)
Stlth   +++.......              i - amulet of magic regeneration
HPRegen 0.14/turn               (no ring)
MPRegen 0.52/turn               (no ring)

@: lightly drained
A: horns 2, demonic magic 1, deterioration 1, MP-powered wands
a: no special abilities


You were on level 4 of the Dungeon.
You visited 1 branch of the dungeon, and saw 4 of its levels.
You also visited: Sewer.

You collected 159 gold pieces.

Inventory:

Hand Weapons
 a - a +0 dagger
 d - a +0 morningstar
 k - a +2 flail (weapon)
 r - a +3 quarterstaff of chaos
 x - a +1 short sword of electrocution
Missiles
 f - 6 poisoned darts
 h - a throwing net
Armour
 g - a +0 robe (worn)
 o - a +0 buckler
 q - a +2 cloak of stealth (worn)
Jewellery
 i - an amulet of magic regeneration (around neck)
Wands
 l - a wand of quicksilver (19)
 n - a wand of digging (5)
Scrolls
 p - 2 scrolls of amnesia
 u - a scroll of magic mapping
 B - 2 scrolls of fear
Potions
 b - a potion of magic
 c - 3 potions of brilliance
 e - a potion of mutation
 j - 2 potions of haste
 m - a potion of heal wounds
 s - 2 potions of curing
 t - a potion of cancellation {unknown}
 v - a potion of invisibility {unknown}
 A - a potion of resistance {unknown}


   Skills:
 + Level 2.1 Fighting
 + Level 3.0 Dodging
 + Level 3.2 Stealth
 * Level 0.8 Shields
 + Level 3.3 Spellcasting
 + Level 2.9 Conjurations
 + Level 3.6 Fire Magic


You had 8 spell levels left.
You knew the following spells:

 Your Spells              Type           Power      Damage    Failure   Level
a - Foxfire               Conj/Fire      52%        2x1d6     4%          1
b - Scorch                Fire           30%        2d7       6%          2

Your spell library contained the following spells:

 Spells                   Type           Power      Damage    Failure   Level
 Conjure Flame            Conj/Fire      13%        6-21      13%         3
 Inner Flame              Hex/Fire       9%         N/A       24%         3
 Flame Wave               Conj/Fire      13%        2d6       41%         4
 Frozen Ramparts          Ice            4%         1d1       45%         3
 Ice Form                 Ice/Tmut       2%         N/A       86%         4
 Summon Ice Beast         Ice/Summ       2%         N/A       86%         4


Dungeon Overview and Level Annotations

Branches:
Dungeon (4/15)              Sewer (visited)
 Temple: D:4-7

Altars:
Ashenzari
Kikubaaqudgha
Wu Jian
Xom

Annotations:
D:4 Pikel


Innate Abilities, Weirdness & Mutations

You have a pair of horns on your head.
Spells you cast may paralyse adjacent enemies.
Your body sometimes deteriorates upon taking damage.
You expend magic power (3 MP) to strengthen your wands.


Message History

The dart slug is lightly wounded.
The dart slug launches a dart at you. The slug dart misses you.
You hit the dart slug.
The dart slug is moderately wounded.
The dart slug bites you but does no damage.
You sock the dart slug!
You kill the dart slug! 2 lemures and an adder come into view.
The lemure shouts!
You hear a shout!
A lemure comes into view.
Pikel and a lemure come into view.
Pikel is wielding a +0 whip of electrocution and carrying a wand of mindburst (9).
Pikel shouts!
The lemure shouts! x2
The lemure hits you but does no damage.
You closely miss the lemure. The lemure hits you. The adder misses you.
The lemure hits you. The lemure hits you but does no damage.
Casting: Scorch (safe; 6% risk of failure)
Confirm with . or Enter, or press ? or * to list all spells.
Okay, then.
The kobold shouts!
You hit Pikel.
Pikel is lightly wounded.
The adder barely misses you. The adder closely misses you.
The lemure hits you but does no damage. The lemure hits you. x2
Pikel hits you with a +0 whip of electrocution.
You closely miss Pikel.
Pikel is lightly wounded.
The adder barely misses you. The lemure misses you.
The lemure closely misses you.
Pikel zaps a wand.
Your mind is blasted!
* * * LOW HITPOINT WARNING * * *
The adder bites you.
* * * LOW HITPOINT WARNING * * *
You are lethally poisoned!
The adder poisons you!
You feel better. The lemure closely misses you. x2
Pikel hits you with a +0 whip of electrocution!
* * * LOW HITPOINT WARNING * * *
You are electrocuted!
You die...

,,**#.####.## #..##...,,,,,,,
***,,,*#...# #.##....#,,,,,,
**,,***#.##########....####,,,,,,
**,**###.####..†....#****,,,,,,,,
,,,###...#....#.....#*,,,,**,,,,,
***#.......####.....#*,#*****,,,,
* ######### #.....#..#*,,,,,,,,
*** ***** #..5....#*,,***,,** ,,*
**,,,** #5@S..#...,** **,**
*+****>,,,,** #5K5..#,##** *,,,,
~~~*,,,,,,,,**#..)....# *,,,,
~~~+,,,,,,,,,,#.....### *,,,,
~~~**,,,,,,,*,..K...#** *,,,,
*+****,,,,,,,.#......,***** *,,,,
,,,***,,,,,,,.####.##.,,,,* *,,,,
,,,**,,,,,,,#,,,,*.#*##**,*******
,,,**,,,,,,,****,,,* *,,,,,***


You could see Pikel, 4 lemures, an adder and a kobold.

Vanquished Creatures
  Sigmund (D:3)
  A jelly (D:4)
  Crazy Yiuf (D:3)
  Jessica (D:2)
  Terence (D:3)
  Natasha (thrice) (D:2)
  A hell rat (Sewer)
  A river rat (Sewer)
  An adder (D:4)
  A dart slug (D:4)
  5 orcs
  3 ball pythons
  A bat (D:2)
  4 endoplasms
  4 giant cockroaches
  6 goblins
  10 hobgoblins
  A quokka (D:2)
  4 frilled lizards
  A kobold (D:2)
  11 rats
62 creatures vanquished.

Vanquished Creatures (others)
  113 foxfires
113 creatures vanquished.

Grand Total: 175 creatures vanquished

Notes
Turn   | Place    | Note
-------+----------+-------------------------------------------
     0 | D:1      | croobank the Demonspawn Fire Elementalist began the quest
                  | for the Orb.
     0 | D:1      | Reached XP level 1. HP: 13/13 MP: 3/3
   479 | D:1      | Gained mutation: You have a pair of small horns on your
                  | head. [demonic ancestry]
   479 | D:1      | Reached XP level 2. HP: 19/19 MP: 1/5
   970 | D:2      | Learned a level 2 spell: Scorch
  1023 | D:2      | Noticed Jessica
  1080 | D:2      | Killed Jessica
  1081 | D:2      | Reached XP level 3. HP: 25/25 MP: 2/6
  1246 | D:2      | Noticed Natasha
  1252 | D:2      | Killed Natasha
  1253 | D:2      | Gained mutation: Spells you cast may paralyse adjacent
                  | enemies. [demonic ancestry]
  1253 | D:2      | Reached XP level 4. HP: 31/31 MP: 2/7
  1310 | D:2      | Noticed Natasha
  1316 | D:2      | Killed Natasha
  1317 | D:2      | Reached skill level 1 in Fighting
  1493 | D:2      | Noticed Natasha
  1500 | D:2      | Killed Natasha
  1626 | D:2      | Found a faded altar of an unknown god.
  1689 | D:3      | Noticed Sigmund
  1695 | D:3      | Gained mutation: Your body sometimes deteriorates upon
                  | taking damage. [potion of mutation]
  1695 | D:3      | Gained mutation: You expend magic power (3 MP) to
                  | strengthen your wands. [potion of mutation]
  1705 | D:3      | Killed Sigmund
  1706 | D:3      | Gained mutation: You have a pair of horns on your head.
                  | [demonic ancestry]
  1706 | D:3      | Reached XP level 5. HP: 19/38 MP: 1/9
  1706 | D:3      | Reached XP level 6. HP: 22/44 MP: 1/10
  2027 | D:3      | Noticed Terence
  2037 | D:3      | Killed Terence
  2306 | D:3      | Found a broken altar of Ashenzari.
  2308 | D:3      | Found an ornate altar of the Wu Jian Council.
  2392 | D:3      | Found a shimmering altar of Xom.
  2488 | D:3      | Found an ancient bone altar of Kikubaaqudgha.
  2665 | D:3      | Found a runed translucent door.
  2666 | D:3      | Noticed Crazy Yiuf
  2934 | D:3      | Killed Crazy Yiuf
  3043 | D:4      | Found a glowing drain.
  3085 | Sewer    | Entered a sewer
  3273 | D:4      | Noticed Pikel
  3279 | D:4      | Mangled by Pikel

Illustrated notes

Levels and vault maps discovered:
D:1:      sevenhm_arrival_forest_fort_small_3, layout_rooms,
          minmay_splitting_lines
D:2:      layout_rooms, basic_altar, ebering_ecumenical_altar_abandoned,
          uniq_jessica, uniq_natasha
D:3:      layout_loops_ring, kiku_gazebo_pond_becter, nicolae_overflow_squiral,
          lemuel_crystal_altar, uniq_crazy_yiuf_cottage, uniq_terence,
          uniq_sigmund
D:4:      layout_rooms, mainiacjoe_overflow_six_doors_small,
          lightli_temple_of_fire, cheibrodos_sewer_entry_drain,
          minmay_liquid_box, uniq_eustachio, uniq_pikel

Skill      XL: |  1  2  3  4  5  6 |
---------------+-------------------+-----
Stealth        | 2 3 |  3.2
Dodging        | 2 3 |  3.0
Fire Magic     | 3 |  3.6
Fighting       | 1 2 |  2.1
Conjurations   | 2 |  2.9
Spellcasting   | 3 |  3.3
Shields        | |  0.8

Action                   |  1- 3 |  4- 6 || total
-------------------------+-------+-------++-------
Melee: Unarmed           |     2 |       ||     2
       Flail             |     6 |    37 ||    43
       Headbutt          |     1 |     1 ||     2
 Cast: Foxfire           |    35 |    33 ||    68
       Scorch            |     5 |    27 ||    32
  Use: Potion            |       |     4 ||     4
       Scroll            |       |    16 ||    16
 Stab: Paralysed         |       |     5 ||     5
       Sleeping          |       |     3 ||     3
Armor: Robe              |     3 |     9 ||    12
Dodge: Dodged            |    12 |    33 ||    45
